[Event "Olomouc Chess Summer IM-B 2024"]
[Site "Olomouc"]
[Date "2024.08.16"]
[Round "8.14"]
[White "Biolek, Richard Jr."]
[Black "Leitgeb, Julian"]
[Result "1/2-1/2"]
[ECO "D02"]
[WhiteElo "2417"]
[BlackElo "2313"]
[Annotator "RC"]
[PlyCount "30"]
[EventDate "2024.08.10"]
[EventType "tourn"]
[EventCountry "CZE"]
[SourceTitle "playchess.com"]
[Source "ChessBase"]
[SourceQuality "1"]
[TimeControl "40/5400+30:1800+30"]

1. d4 d5 2. Nf3 Nf6 3. g3 c5 4. c4 cxd4 5. cxd5 Qxd5 6. Qxd4 Nc6 7. Qxd5 Nxd5 8. Bg2 g6 9. Bd2 Bg7 10. Nc3 Nxc3 11. Bxc3 Bxc3+ 12. bxc3 Bd7 13. Rb1 Rb8 14. Nd4 Na5 15. Nb3 Nxb3 1/2-1/2

[Event "Olomouc Chess Summer IM-B 2024"]
[Site "Olomouc"]
[Date "2024.08.16"]
[Round "8.15"]
[White "Plischki, Sebastian"]
[Black "Delgerdalai, Bayarjavkhlan"]
[Result "1/2-1/2"]
[ECO "A07"]
[WhiteElo "2325"]
[BlackElo "2278"]
[Annotator "ChessBase"]
[PlyCount "133"]
[EventDate "2024.08.10"]
[EventType "tourn"]
[EventCountry "CZE"]
[SourceTitle "playchess.com"]
[Source "ChessBase"]
[SourceQuality "1"]
[TimeControl "40/5400+30:1800+30"]

1. Nf3 d5 2. g3 Bg4 3. Bg2 Nd7 4. c4 e6 5. cxd5 exd5 6. O-O Ngf6 7. d3 Bc5 8. Qb3 Bb6 9. Nc3 Nc5 10. Qc2 c6 11. h3 Bxf3 12. Bxf3 Ne6 13. Bg2 O-O 14. Kh2 Re8 15. e3 d4 16. Na4 dxe3 17. Nxb6 Nd4 18. Qc4 e2 19. Re1 axb6 20. Be3 Nf5 21. Rxe2 Nxe3 22. Rxe3 Rxe3 23. fxe3 Qd6 24. Rf1 Qe5 25. Qf4 Qxf4 26. Rxf4 Rxa2 27. Rb4 b5 28. d4 Ra4 29. Rb3 Kf8 30. g4 h6 31. Kg3 Ke7 32. h4 Kd6 33. g5 hxg5 34. hxg5 Nd7 35. Rd3 Ra2 36. b3 Rc2 37. e4 b4 38. e5+ Ke7 39. Be4 Nb6 40. Kf4 Ke6 41. Bf5+ Ke7 42. Be4 Nd5+ 43. Bxd5 cxd5 44. g6 fxg6 45. Rg3 Rc6 46. Rg1 Kd7 47. Rh1 Ke6 48. Rh8 Rc3 49. Rd8 Rc6 50. Kg5 Ra6 51. Kxg6 Ra3 52. Rd6+ Ke7 53. Rxd5 Rxb3 54. Rb5 Ke6 55. Kxg7 Rg3+ 56. Kf8 b3 57. Rxb7 Rd3 58. Rb6+ Kd5 59. e6 Rf3+ 60. Ke8 Kxd4 61. Kd7 Re3 62. e7 Rxe7+ 63. Kxe7 Kc3 64. Kd6 b2 65. Kd5 Kc2 66. Rxb2+ Kxb2 67. Ke4 1/2-1/2

[Event "Olomouc Chess Summer IM-B 2024"]
[Site "Olomouc"]
[Date "2024.08.17"]
[Round "9.11"]
[White "Delgerdalai, Bayarjavkhlan"]
[Black "Jurek, Josef"]
[Result "1-0"]
[ECO "C02"]
[WhiteElo "2278"]
[BlackElo "2191"]
[Annotator "RC"]
[PlyCount "141"]
[EventDate "2024.08.10"]
[EventType "tourn"]
[EventCountry "CZE"]
[SourceTitle "playchess.com"]
[Source "ChessBase"]
[SourceQuality "1"]
[TimeControl "40/5400+30:1800+30"]

1. e4 e6 2. d4 d5 3. e5 c5 4. c3 Nc6 5. Nf3 Bd7 6. Be2 Nge7 7. Na3 cxd4 8. cxd4 Nf5 9. Nc2 Qb6 10. O-O Na5 11. g4 Ne7 12. b3 h5 13. h3 Bb5 14. Be3 Bxe2 15. Qxe2 hxg4 16. hxg4 Ng6 17. Kg2 Be7 18. Rh1 O-O-O 19. Rh5 Kb8 20. Rah1 Rc8 21. Rxh8 Rxh8 22. Rxh8+ Nxh8 23. Nfe1 Ng6 24. f4 Nc6 25. Nf3 Qa6 26. Qxa6 bxa6 27. Kg3 Nf8 28. f5 Kc8 29. Ng5 Bxg5 30. Bxg5 Kd7 31. Bc1 Ke8 32. Ba3 Nd7 33. Kf4 Nf8 34. Bd6 Nd7 35. Ba3 Nf8 36. Kg5 Nh7+ 37. Kh5 Nf8 38. Bc5 Nd7 39. Bd6 Nf8 40. Ba3 g6+ 41. Kg5 gxf5 42. gxf5 Nd7 43. f6 a5 44. Bd6 Nb6 45. a4 Nd7 46. Kh6 Nb6 47. Kg7 Nd7 48. Kg8 Nb6 49. Ba3 Nd7 50. Bb2 Nf8 51. Ne3 Ng6 52. Ng4 Nh4 53. Nh6 Nd8 54. Bc3 Nf5 55. Nxf5 exf5 56. Bxa5 Ne6 57. Bc3 f4 58. b4 f3 59. Be1 Nxd4 60. b5 Ne6 61. a5 d4 62. b6 axb6 63. a6 d3 64. a7 Nc7 65. e6 d2 66. exf7+ Kd7 67. Bxd2 f2 68. f8=Q f1=Q 69. Qe7+ Kc8 70. f7 Qc4 71. Bf4 1-0

[Event "Olomouc Chess Summer IM-B 2024"]
[Site "Olomouc"]
[Date "2024.08.17"]
[Round "9.12"]
[White "Leitgeb, Julian"]
[Black "Plischki, Sebastian"]
[Result "1-0"]
[ECO "B54"]
[WhiteElo "2313"]
[BlackElo "2325"]
[Annotator "RC"]
[PlyCount "75"]
[EventDate "2024.08.10"]
[EventType "tourn"]
[EventCountry "CZE"]
[SourceTitle "playchess.com"]
[Source "ChessBase"]
[SourceQuality "1"]
[TimeControl "40/5400+30:1800+30"]

1. e4 c5 2. Nf3 e6 3. d4 cxd4 4. Nxd4 Nc6 5. Nc3 d6 6. g4 a6 7. Be3 Nge7 8. Nb3 b5 9. g5 Bb7 10. f4 Rc8 11. Qd2 Na5 12. Nxa5 Qxa5 13. Bg2 Nc6 14. h4 b4 15. Ne2 Be7 16. h5 O-O 17. h6 g6 18. O-O Rfd8 19. c4 bxc3 20. Nxc3 Rb8 21. a3 Bf8 22. b4 Qc7 23. Rac1 Qe7 24. Nd5 exd5 25. exd5 Ne5 26. fxe5 dxe5 27. Rf6 Qd7 28. Bb6 Qg4 29. Bxd8 Rxd8 30. Rcf1 Bxd5 31. Rxf7 Bxg2 32. Qxg2 Qd4+ 33. Qf2 Qg4+ 34. Qg2 Qd4+ 35. R7f2 Be7 36. Qc6 Bxg5 37. Qe6+ Kh8 38. Qxe5+ 1-0

[Event "Olomouc Chess Summer IM-B 2024"]
[Site "Olomouc"]
[Date "2024.08.17"]
[Round "9.13"]
[White "Ptacnikova, Lenka"]
[Black "Schernthaner, David"]
[Result "0-1"]
[ECO "A15"]
[WhiteElo "2086"]
[BlackElo "2331"]
[Annotator "ChessBase"]
[PlyCount "74"]
[EventDate "2024.08.10"]
[EventType "tourn"]
[EventCountry "CZE"]
[SourceTitle "playchess.com"]
[Source "ChessBase"]
[SourceQuality "1"]
[TimeControl "40/5400+30:1800+30"]

1. Nf3 Nf6 2. g3 b6 3. Bg2 Bb7 4. O-O e6 5. c4 Be7 6. d3 d5 7. Ne5 O-O 8. b3 Nbd7 9. Bb2 c5 10. cxd5 Nxe5 11. Bxe5 Bxd5 12. Bb2 Bxg2 13. Kxg2 Qd5+ 14. e4 Qb7 15. Qe2 Rfd8 16. Na3 Ne8 17. Nc4 Bf6 18. Ne5 Nc7 19. f4 Nb5 20. f5 Qc7 21. d4 Nxd4 22. Bxd4 Bxe5 23. Bxe5 Qxe5 24. fxe6 Qxe6 25. Rad1 g6 26. Qc4 Qe7 27. h4 h5 28. a4 Rxd1 29. Rxd1 Re8 30. Kf3 Qf6+ 31. Kg2 Qb2+ 32. Kh3 Re7 33. a5 Qe5 34. a6 Kg7 35. Rd8 b5 36. Qxb5 Qxe4 37. Qf1 Qg4+ 0-1

[Event "Olomouc Chess Summer IM-B 2024"]
[Site "Olomouc"]
[Date "2024.08.17"]
[Round "9.14"]
[White "Ihnat, Marek"]
[Black "Biolek, Richard Jr."]
[Result "0-1"]
[ECO "C97"]
[WhiteElo "2097"]
[BlackElo "2417"]
[Annotator "RC"]
[PlyCount "88"]
[EventDate "2024.08.10"]
[EventType "tourn"]
[EventCountry "CZE"]
[SourceTitle "playchess.com"]
[Source "ChessBase"]
[SourceQuality "1"]
[TimeControl "40/5400+30:1800+30"]

1. e4 e5 2. Nf3 Nc6 3. Bb5 a6 4. Ba4 Nf6 5. O-O Be7 6. Re1 b5 7. Bb3 O-O 8. c3 d6 9. h3 Na5 10. Bc2 c5 11. d4 Qc7 12. d5 Bd7 13. b3 Kh8 14. Nbd2 Ng8 15. Qe2 g6 16. Nf1 c4 17. b4 Nb7 18. Ng3 a5 19. Nh2 Bf6 20. Bd2 Ra6 21. a3 Rfa8 22. Rac1 axb4 23. axb4 Qd8 24. Ng4 Bg5 25. Bxg5 Qxg5 26. Ne3 Ra3 27. Qd2 f6 28. Red1 Nd8 29. Qe1 h5 30. Kh1 h4 31. Ne2 f5 32. Ng1 fxe4 33. Bxe4 Bf5 34. Bxf5 gxf5 35. Ra1 e4 36. Rxa3 Rxa3 37. Nc2 Ra7 38. Ra1 Rg7 39. Ne3 Nf7 40. Ra7 Ne5 41. Rxg7 Kxg7 42. Nc2 Nd3 43. Qe2 Qf4 44. f3 Qg3 0-1

[Event "Olomouc Chess Summer IM-B 2024"]
[Site "Olomouc"]
[Date "2024.08.17"]
[Round "9.15"]
[White "Dukic, Zachary"]
[Black "Zavurka, Roman"]
[Result "1/2-1/2"]
[ECO "B11"]
[WhiteElo "2244"]
[BlackElo "2191"]
[Annotator "RC"]
[PlyCount "119"]
[EventDate "2024.08.10"]
[EventType "tourn"]
[EventCountry "CZE"]
[SourceTitle "playchess.com"]
[Source "ChessBase"]
[SourceQuality "1"]
[TimeControl "40/5400+30:1800+30"]

1. e4 c6 2. Nc3 d5 3. Nf3 Bg4 4. h3 Bxf3 5. Qxf3 e6 6. Be2 Nf6 7. O-O Be7 8. d4 O-O 9. Bd3 Nbd7 10. e5 Ne8 11. Ne2 g6 12. Bh6 Ng7 13. Qg4 c5 14. c3 c4 15. Bc2 b5 16. h4 Bxh4 17. g3 Be7 18. Kg2 Re8 19. Rh1 Nf8 20. Ng1 Rb8 21. Nf3 Rb7 22. Rh3 f5 23. exf6 Bxf6 24. Rah1 Nf5 25. Bf4 Rg7 26. Ne5 Qe7 27. Qe2 Bxe5 28. Bxe5 Rf7 29. g4 Nd6 30. Qe3 Rd8 31. Rh6 Ne4 32. f3 Nf6 33. g5 N6d7 34. Bxg6 Nxe5 35. Qxe5 Rg7 36. Bxh7+ Rxh7 37. f4 Qg7 38. Qe3 Rxh6 39. Rxh6 Rd7 40. Kg3 Rf7 41. Kg4 Rf5 42. Rxe6 Rf7 43. Re5 Qh7 44. f5 Qh1 45. g6 Rg7 46. Re8 Qg2+ 47. Qg3 Qxb2 48. Rxf8+ Kxf8 49. Qb8+ Ke7 50. Qc7+ Ke8 51. Qxg7 Qg2+ 52. Kf4 Qh2+ 53. Kf3 Qh3+ 54. Kf4 Qh2+ 55. Kg4 Qg2+ 56. Kh4 Qh2+ 57. Kg5 Qg3+ 58. Kf6 Qd6+ 59. Kg5 Qg3+ 60. Kf6 1/2-1/2